 Dungeon Crawl Stone Soup version 0.21-a0-265-gb353147 (webtiles) character file.

117 BCAD the Ruffian (level 4, -17/45 HPs)
             Began as a Troll Monk on Sept 11, 2017.
             Killed from afar by a goblin (24 damage)
             ... with a wand of lightning (?/15)
             ... led by Robin
             ... on level 3 of the Dungeon.
             The game lasted 00:02:56 (1777 turns).

BCAD the Ruffian (Troll Monk)                       Turns: 1777, Time: 00:02:57

Health: -17/45     AC:  5    Str: 20    XL:     4   Next: 71%
Magic:  3/3        EV: 10    Int:  6    God:
Gold:   31         SH:  7    Dex: 12    Spells: 3/3 levels left

rFire    . . .     SeeInvis +     - Unarmed
rCold    . . .     Gourm    +   q - +0 shield
rNeg     . . .     Faith    .   a - +0 robe
rPois    .         Spirit   .   (helmet restricted)
rElec    .         Reflect  .   (no cloak)
rCorr    .         Harm     .   (gloves unavailable)
MR       .....                  (boots unavailable)
Stlth    ++........             (no amulet)
HPRegen  0.55/turn              i - ring of see invisible
MPRegen  0.08/turn              g - +3 ring of evasion

@: no status effects
A: unfitting armour, claws 3, fast metabolism 3, gourmand, regeneration 1,
shaggy fur 1, tough skin 2
a: no special abilities


You were on level 3 of the Dungeon.
You were very full.

You visited 1 branch of the dungeon, and saw 3 of its levels.

You collected 31 gold pieces.

Inventory:

Missiles
 c - 2 javelins
 j - 133 stones (quivered)
Armour
 a - a +0 robe (worn)
 q - a +0 shield (worn)
Jewellery
 g - a +3 ring of evasion (right claw)
 i - a ring of see invisible (left claw)
Scrolls
 d - a scroll of fog {unknown}
 e - a scroll of enchant weapon {unknown}
 h - a scroll of enchant armour {unknown}
 n - a scroll of remove curse {unknown}
 t - a scroll of teleportation
Potions
 k - a potion of invisibility
 l - a potion of agility
 m - a potion of might
 o - a potion of degeneration {unknown}
 p - a potion of mutation {unknown}
 r - a potion of curing {unknown}
Comestibles
 b - 4 bread rations
 f - 3 royal jellies


   Skills:
 + Level 3.0 Fighting
 - Level 2.4 Dodging
 - Level 1.0 Stealth
 * Level 0.2 Shields
 * Level 5.0 Unarmed Combat


You had 3 spell levels left.
You didn't know any spells.

Dungeon Overview and Level Annotations

Branches:
Dungeon (3/15)

Altars:
Nemelex Xobeh


Innate Abilities, Weirdness & Mutations

You are too large for most types of armour.
You have claws for hands.
Your metabolism is lightning-fast.
You like to eat raw meat.
Your natural rate of healing is unusually fast.
You are covered in fur. (AC +1)
You have very tough skin. (AC +2)


Message History

You claw the goblin!
You kill the goblin!
The bat hits you but does no damage.
You claw the bat!
You kill the bat!
The goblin closely misses you.
The goblin zaps a wand.
The bolt of lightning hits the goblin.
The goblin dies!
The bolt of lightning hits you! x2
* * * LOW HITPOINT WARNING * * *
Items here: )) †† a dagger x2; a bat corpse; a hobgoblin corpse
Okay, then.
Unknown command.
Press: ? - help, v - describe, . - travel
Here: a goblin, wielding a club and carrying a wand of lightning (?/15) {zapped: 2} The floor.
The goblin zaps a wand.
The bolt of lightning hits you!
Ouch! That really hurt!
You die...

##### .#
...####
..K.###....
.......).####
#.gg@.#
#####)# #.#
#.# #.# #)#
############
#.####..
........
#...##.#
########
###.##.# #


You could see 2 goblins.

Vanquished Creatures
  5 adders (D:2)
  2 worms (D:2)
  2 dart slugs
  An orc (D:2)
  2 ball pythons (D:3)
  4 giant cockroaches
  10 goblins
  5 hobgoblins
  9 jackals
  4 kobolds
  5 bats
  A frilled lizard (D:2)
  8 rats
58 creatures vanquished.

Vanquished Creatures (others)
  2 hobgoblins
  A goblin (D:3)
3 creatures vanquished.

Grand Total: 61 creatures vanquished

Notes
Turn   | Place    | Note
-------+----------+-------------------------------------------
     0 | D:1      | BCAD the Troll Monk began the quest for the Orb.
     0 | D:1      | Reached XP level 1. HP: 22/22 MP: 0/0
   102 | D:1      | Reached XP level 2. HP: 29/29 MP: 1/1
   847 | D:2      | Reached XP level 3. HP: 35/36 MP: 2/2
   893 | D:2      | Reached skill level 4 in Unarmed Combat
  1167 | D:2      | Reached XP level 4. HP: 44/44 MP: 3/3
  1727 | D:3      | Found a sparkling altar of Nemelex Xobeh.
  1771 | D:3      | Reached skill level 5 in Unarmed Combat
  1777 | D:3      | Killed from afar by a goblin

Vault maps used:
D:1:      shiori_arrival_elements
D:2:      first_bread, st_stairs_11, corexii_shack
D:3:      nemelex_xobeh_ov_fountains_minmay, uniq_robin

Skill      XL: |  1  2  3  4 |
---------------+-------------+-----
Unarmed Combat | 4 5 |  5.0
Fighting       | 3 |  3.0
Dodging        | |  2.4
Stealth        | |  1.0
Shields        | |  0.2

Action                   |  1- 3 |  4- 6 || total
-------------------------+-------+-------++-------
Melee: Unarmed           |   101 |    71 ||   172
       Punch             |     1 |       ||     1
  Use: Potion            |     2 |       ||     2
       Scroll            |       |     4 ||     4
 Stab: Sleeping          |     5 |     2 ||     7
  Eat: Chunk             |    14 |     7 ||    21
Armor: Robe              |    34 |    17 ||    51
Dodge: Dodged            |    58 |    23 ||    81
Block: Shield            |       |    22 ||    22

Table legend:
 A = Spawn XP
 B = Non-spawn XP
 C = Spawn XP percentage of total XP
 D = Spawn monster count
 E = Non-spawn monster count
 F = Spawn count percentage of total count
 G = Total turns spent on level
                    A         B        C        D         E        F      G
               +---------+---------+-------+---------+---------+-------+---------
         Total |       0 |     168 |   0.0 |       0 |      58 |   0.0 |  1777
               +---------+---------+-------+---------+---------+-------+---------
           D:1 |       0 |      35 |   0.0 |       0 |      17 |   0.0 |   703
           D:2 |       0 |     113 |   0.0 |       0 |      30 |   0.0 |   810
           D:3 |       0 |      20 |   0.0 |       0 |      11 |   0.0 |   264
               +---------+---------+-------+---------+---------+-------+---------
